 Seeded DCSS version 0.30.1-9-gdf580d7c3d (webtiles) character file.

Game seed: 6749 (custom seed)

1 lonewolfV2 the Caller (level 1, 0/10 HPs)
             Began as a Deep Elf Summoner on Sept 27, 2023.
             Slain by a hobgoblin (3 damage)
             ... on level 1 of the Dungeon.
             The game lasted 00:00:08 (48 turns).

lonewolfV2 the Caller (Deep Elf Summoner)             Turns: 48, Time: 00:00:08

Health: 0/10       AC:  2    Str:  5    XL:     1   Next: 16%
Magic:  2/6        EV: 12    Int: 19    God:
Gold:   0          SH:  0    Dex: 15    Spells: 5/6 levels left

rFire   . . .        (no weapon)
rCold   . . .        (no shield)
rNeg    . . .        a - +0 robe
rPois   .            (no helmet)
rElec   .            (no cloak)
rCorr   .            (no gloves)
SInv    .            (no boots)
Will    .....        (no amulet)
Stlth   ++           (no ring)
HPRegen 0.21/turn    (no ring)
MPRegen 0.10/turn

%: no passive effects
@: no status effects
A: no striking features
a: no special abilities


You were on level 1 of the Dungeon.
You visited 1 branch of the dungeon, and saw 1 of its levels.

Inventory:

Armour
 a - a +0 robe (worn)
Potions
 b - a potion of magic


   Skills:
 + Level 2.4 Dodging
 + Level 2.4 Stealth
 + Level 3.0 Spellcasting
 + Level 4.4 Summonings


You had 5 spell levels left.
You knew the following spells:

 Your Spells              Type           Power      Damage    Failure   Level
a - Summon Small Mammal   Summ           76%        N/A       2%          1

Your spell library contained the following spells:

 Spells                   Type           Power      Damage    Failure   Level
 Call Imp                 Summ           38%        N/A       3%          2
 Call Canine Familiar     Summ           19%        N/A       8%          3
 Summon Guardian Golem    Hex/Summ       11%        N/A       19%         3
 Summon Lightning Spire   Summ/Air       11%        N/A       52%         4


Dungeon Overview and Level Annotations

Branches:
Dungeon (1/15)

Altars:


Message History

You hear a shout!
Your rat barely misses the frilled lizard.
The frilled lizard barely misses your rat.
Your rat barely misses the frilled lizard.
The hobgoblin hits you but does no damage.
The frilled lizard bites your rat. The hobgoblin attacks as you move away!
The hobgoblin misses you.
Your rat barely misses the frilled lizard.
The frilled lizard unfolds its giant frill.
The hobgoblin closely misses you.
Your rat bites the frilled lizard.
Casting: Summon Small Mammal (safe; 2% risk of failure)
Confirm with . or Enter, or press ? or * to list all spells.
Your rat misses the frilled lizard.
The hobgoblin hits you but does no damage.
A goblin comes into view. It is wielding a +0 club.
The frilled lizard attacks as you move away!
The frilled lizard barely misses you.
Your quokka misses the frilled lizard. The frilled lizard barely misses you.
Your quokka closely misses the frilled lizard.
Your rat closely misses the frilled lizard.
The frilled lizard bites you but does no damage.
The hobgoblin hits you.
You barely miss the frilled lizard.
The frilled lizard is moderately wounded.
Your quokka bites the frilled lizard.
Your rat barely misses the frilled lizard.
The hobgoblin hits you. The frilled lizard misses your quokka.
Your quokka closely misses the frilled lizard.
Your rat bites the frilled lizard.
The frilled lizard dies!
The hobgoblin barely misses you. The hobgoblin attacks as you move away!
The hobgoblin hits you.
* * * LOW HITPOINT WARNING * * *
Your quokka bites the goblin.
Your rat barely misses the goblin.
The goblin hits your quokka with a +0 club.
Casting: Summon Small Mammal (safe; 2% risk of failure)
Confirm with . or Enter, or press ? or * to list all spells.
Your quokka disappears in a puff of smoke!
Your rat bites the goblin.
The hobgoblin hits you.
You die...

#...# #...##
.. #....#...
#....#..#
####.#..#
#.#..#
###.#..#
#..b...####
#.#@......#
#.#g......#
# #
#.†.....#.#
#.§r......#
#.g.....###
#.......#
#..........#
#..........#
#..........#


You could see a hobgoblin (ally target), a goblin (distracted, ally target), a
friendly bat (summoned) and a friendly rat (summoned).

Vanquished Creatures (collateral kills)
  2 frilled lizards (D:1)
2 creatures vanquished.

Notes
Turn   | Place    | Note
-------+----------+-------------------------------------------
     0 | D:1      | lonewolfV2 the Deep Elf Summoner began the quest for the
                  | Orb.
     0 | D:1      | Reached XP level 1. HP: 10/10 MP: 6/6
    48 | D:1      | Slain by a hobgoblin

Illustrated notes

Levels and vault maps discovered:
D:1:      wheals_arrival_shading, layout_loops_ring

Action                     || total
---------------------------++-------
  Melee: Unarmed           ||     1
   Cast: Summon Small Mamm ||     6
 Armour: Robe              ||     3
  Dodge: Dodged            ||     7
